AoeStats
← Totis

Arena

503834582Analyzed
2v2 RM · 1mo ago on Sep 2, 2026· 36m 14s· 4 players
Game mode
Random Map
Map size
Medium (4 player)
Population
200
Speed
Normal
Resources
Standard
Victory
Conquest
Starting age
Dark Age
Ending age
Imperial Age
RankedLock teamsTeams togetherTeam positionsShared explorationLock speedFull tech treeHidden civsTurbo modeCheats
Victory
Defeat
🇬🇷 Turks · Greece
1205
+14
🇩🇪 Franks · Germany
1204
+14
🇺🇸 Byzantines · United States
1178
-15
🇨🇱 Chinese · Chile
1155
-14
Azedo94
11:02 Feudal Age
12:44 Loom
15:25 Castle Age
13:25 Double-Bit Axe
23:54 Pikeman
24:35 Squires
24:52 Scale Barding Armor
29:08 Imperial Age
27:06 Forging
27:22 Gold Mining
29:15 Chain Barding Armor
30:11 Wheelbarrow
29:21 Cavalier
34:05 Plate Barding Armor
34:20 Bow Saw
35:44 Iron Casting
36:23 Gold Shaft Mining
36:15 Chivalry
Totis
11:38 Feudal Age
13:06 Double-Bit Axe
15:52 Castle Age
13:52 Horse Collar
16:52 Bow Saw
16:53 Heavy Plow
22:23 Heavy Plow
23:15 Gold Mining
24:37 Wheelbarrow
24:21 Padded Archer Armor
24:37 Stone Mining
26:03 Hand Cart
27:59 Gold Shaft Mining
30:12 Imperial Age
28:57 Leather Archer Armor
29:59 Treadmill Crane
30:15 Elite Janissary
31:16 Conscription
31:27 Ring Archer Armor
31:58 Two-Man Saw
31:50 Bombard Tower
33:12 Bloodlines
33:03 Husbandry
33:00 Town Watch
34:00 Scale Barding Armor
34:06 Forging
35:04 Artillery
TuSaiyajin
9:55 Feudal Age
11:17 Loom
14:41 Castle Age
14:44 Double-Bit Axe
25:00 Scale Barding Armor
26:23 Wheelbarrow
28:12 Chain Barding Armor
28:52 Gold Mining
33:30 Imperial Age
31:55 Forging
34:06 Heavy Camel Rider
36:21 Plate Barding Armor
36:22 Iron Casting
35:44 Heavy Camel Rider
Clifordino
0:27 Loom
10:55 Feudal Age
15:27 Castle Age
15:32 Bloodlines
23:10 Double-Bit Axe
26:04 Horse Collar
26:47 Scale Mail Armor
29:19 Chain Mail Armor
Connection lost

Rejoining the realm…

Still unreachable

The connection could not be restored.

Session expired

The server has moved on; the page needs a fresh start.